[ AOE2 MATCH · #505541717 ]
UnrankedMalay vs Romans
Player's team · LOSS
Rival team · WIN
[ REPLAY ANALYSIS · EXTRACTED FROM THE RECORDED GAME ]
Feudal
10:09
Castle
20:36
Imperial
—
| APM avg | 67.2 |
| APM peak | 108 |
| eAPM avg | 27.5 |
| Villagers / military | 111 / 61 |
Focus
⚔️ 40.6% · 🌾 59.4%
Scout Cavalry ×19 · Skirmisher ×18 · Mangonel ×11 · Monk ×7 · Scorpion ×3 · Battle Elephant ×2
Feudal
10:32
Castle
22:39
Imperial
34:10
| APM avg | 71.8 |
| APM peak | 113 |
| eAPM avg | 28.1 |
| Villagers / military | 114 / 55 |
Focus
⚔️ 49.7% · 🌾 50.3%
Skirmisher ×22 · Spearman ×12 · Monk ×7 · Mangonel ×7 · Militia ×6 · Scout Cavalry ×1
Match map
Initial resources + every placement click. Lines = walls · curves = elevation contours. ◆ gold · ⬟ stone · ● berries · ✦ relic · ◌ wall gap
Your base· Open — 8t gap
Macluffy's base· ✓ Closed at 22:39 · 52t walls · 1 gate(s)
Smoothed initial terrain · ◌ = detected wall gap · hover for details
Inputs per minute
— mentalist_ - - Macluffy
Build order — mentalist_
First 150 of 295 actions detected
| 0:00 | Create | Villager (Male) |
| 0:02 | Build | House |
| 0:03 | Build | House |
| 0:03 | Create | Villager (Male) |
| 0:27 | Create | Villager (Male) |
| 0:46 | Create | Villager (Male) |
| 1:28 | Create | Villager (Male) |
| 1:51 | Build | Lumber Camp |
| 1:52 | Create | Villager (Male) |
| 2:23 | Create | Villager (Male) |
| 2:54 | Create | Villager (Male) |
| 3:16 | Create | Villager (Male) |
| 3:33 | Create | Villager (Male) |
| 3:58 | Build | House |
| 4:03 | Create | Villager (Male) |
| 4:23 | Build | House |
| 4:31 | Create | Villager (Male) |
| 4:43 | Build | Palisade Wall |
| 4:44 | Build | Palisade Wall |
| 4:50 | Create | Villager (Male) |
| 5:15 | Create | Villager (Male) |
| 5:21 | Create | Villager (Male) |
| 5:26 | Build | Mill |
| 5:55 | Build | Palisade Wall |
| 5:59 | Research | Loom |
| 6:11 | Build | Palisade Wall |
| 6:19 | Build | Palisade Wall |
| 6:35 | Create | Villager (Male) |
| 6:56 | Create | Villager (Male) |
| 7:07 | Build | Palisade Wall |
| 7:25 | Create | Villager (Male) |
| 7:30 | Build | House |
| 7:35 | Build | Palisade Wall |
| 7:40 | Build | Palisade Wall |
| 7:43 | Build | Palisade Wall |
| 7:46 | Build | Palisade Wall |
| 7:50 | Create | Villager (Male) |
| 7:52 | Build | Palisade Wall |
| 8:14 | Create | Villager (Male) |
| 8:51 | Research | Feudal Age |
| 9:39 | Build | Barracks |
| 10:09 | Age | Feudal Age |
| 10:11 | Create | Villager (Male) |
| 10:12 | Research | Double-Bit Axe |
| 10:16 | Research | Horse Collar |
| 10:25 | Build | Farm |
| 10:28 | Create | Villager (Male) |
| 10:42 | Build | Archery Range |
| 10:47 | Build | Farm |
| 10:52 | Build | Farm |
| 11:03 | Build | Farm |
| 11:04 | Create | Villager (Male) |
| 11:15 | Build | House |
| 11:24 | Build | Farm |
| 11:25 | Build | Farm |
| 11:25 | Create | Villager (Male) |
| 11:34 | Create | Archer |
| 11:37 | Build | Farm |
| 11:39 | Build | Farm |
| 11:47 | Create | Villager (Male) |
| 11:49 | Build | House |
| 11:58 | Build | Farm |
| 12:05 | Create | Villager (Male) |
| 12:21 | Create | Villager (Male) |
| 12:29 | Build | Farm |
| 12:34 | Build | Farm |
| 12:34 | Create | Villager (Male) |
| 12:42 | Create | Skirmisher |
| 12:51 | Build | House |
| 13:01 | Create | Villager (Male) |
| 13:03 | Create | Villager (Male) |
| 13:12 | Build | Farm |
| 13:18 | Create | Villager (Male) |
| 13:24 | Build | Mining Camp |
| 13:35 | Create | Skirmisher |
| 14:00 | Create | Villager (Male) |
| 14:03 | Create | Skirmisher |
| 14:17 | Build | House |
| 14:22 | Create | Villager (Male) |
| 14:25 | Build | Stone Wall |
| 14:39 | Create | Skirmisher |
| 14:41 | Create | Villager (Male) |
| 14:52 | Create | Skirmisher |
| 14:55 | Build | Blacksmith |
| 14:56 | Create | Villager (Male) |
| 15:11 | Build | Stone Wall |
| 15:14 | Build | Stone Wall |
| 15:15 | Build | Stone Wall |
| 15:17 | Build | Stone Wall |
| 15:17 | Create | Villager (Male) |
| 15:19 | Build | Stone Wall |
| 15:21 | Build | Stone Wall |
| 15:23 | Build | Stone Wall |
| 15:29 | Create | Skirmisher |
| 15:30 | Research | Fletching |
| 15:30 | Research | Fletching |
| 15:35 | Create | Villager (Male) |
| 15:39 | Build | House |
| 15:43 | Create | Skirmisher |
| 15:46 | Create | Villager (Male) |
| 15:48 | Build | Farm |
| 15:54 | Create | Villager (Male) |
| 16:04 | Create | Villager (Male) |
| 16:05 | Create | Skirmisher |
| 16:09 | Build | Farm |
| 16:33 | Build | House |
| 16:35 | Create | Villager (Male) |
| 16:53 | Create | Skirmisher |
| 16:58 | Build | House |
| 17:02 | Create | Skirmisher |
| 17:03 | Create | Villager (Male) |
| 17:09 | Create | Skirmisher |
| 17:17 | Build | Farm |
| 17:29 | Build | Farm |
| 17:34 | Create | Skirmisher |
| 17:37 | Create | Skirmisher |
| 17:38 | Create | Villager (Male) |
| 18:13 | Create | Villager (Male) |
| 18:26 | Build | House |
| 18:26 | Create | Villager (Male) |
| 18:27 | Create | Skirmisher |
| 18:36 | Build | Farm |
| 18:39 | Build | Lumber Camp |
| 18:48 | Create | Villager (Male) |
| 18:56 | Build | Farm |
| 18:57 | Build | Farm |
| 19:00 | Research | Castle Age |
| 19:39 | Research | Padded Archer Armor |
| 20:20 | Create | Skirmisher |
| 20:23 | Build | Stable |
| 20:36 | Age | Castle Age |
| 20:38 | Create | Villager (Male) |
| 20:40 | Research | Elite Skirmisher (upgrade) |
| 20:42 | Create | Villager (Male) |
| 20:56 | Create | Battle Elephant |
| 21:00 | Create | Villager (Male) |
| 21:08 | Create | Villager (Male) |
| 21:18 | Create | Villager (Male) |
| 21:23 | Create | Villager (Male) |
| 21:29 | Build | Town Center |
| 21:38 | Create | Villager (Male) |
| 21:41 | Research | Bow Saw |
| 21:45 | Create | Villager (Male) |
| 22:00 | Create | Villager (Male) |
| 22:04 | Build | Market |
| 22:14 | Research | Wheelbarrow |
| 22:15 | Create | Villager (Male) |
| 22:17 | Build | Monastery |
| 22:20 | Research | Light Cavalry (upgrade) |
| 22:24 | Create | Villager (Male) |
Build order — Macluffy
First 150 of 278 actions detected
| 0:01 | Create | Villager (Male) |
| 0:01 | Create | Villager (Male) |
| 0:02 | Build | House |
| 0:03 | Build | House |
| 0:07 | Create | Villager (Male) |
| 0:09 | Create | Villager (Male) |
| 1:25 | Create | Villager (Male) |
| 1:46 | Build | Lumber Camp |
| 1:57 | Create | Villager (Male) |
| 2:07 | Create | Villager (Male) |
| 2:40 | Create | Villager (Male) |
| 2:55 | Create | Villager (Male) |
| 3:32 | Create | Villager (Male) |
| 3:37 | Create | Villager (Male) |
| 4:01 | Build | House |
| 4:08 | Create | Villager (Male) |
| 4:31 | Build | Barracks |
| 4:34 | Create | Villager (Male) |
| 4:54 | Create | Villager (Male) |
| 5:12 | Build | House |
| 5:14 | Create | Villager (Male) |
| 5:23 | Create | Militia |
| 5:23 | Create | Militia |
| 5:51 | Create | Militia |
| 6:08 | Build | Palisade Wall |
| 6:13 | Create | Villager (Male) |
| 6:15 | Build | Mill |
| 6:37 | Create | Villager (Male) |
| 6:40 | Build | House |
| 6:44 | Build | Palisade Wall |
| 6:55 | Create | Villager (Male) |
| 7:25 | Create | Villager (Male) |
| 7:42 | Research | Loom |
| 8:22 | Research | Feudal Age |
| 8:29 | Build | Mill |
| 8:51 | Build | Mining Camp |
| 8:55 | Build | House |
| 9:08 | Create | Villager (Male) |
| 9:48 | Create | Militia |
| 10:03 | Create | Villager (Male) |
| 10:26 | Create | Villager (Male) |
| 10:32 | Age | Feudal Age |
| 10:35 | Build | Archery Range |
| 10:39 | Research | Man-at-Arms (upgrade) |
| 10:54 | Create | Villager (Male) |
| 11:05 | Build | House |
| 11:16 | Research | Double-Bit Axe |
| 11:18 | Build | Farm |
| 11:18 | Build | Farm |
| 11:20 | Create | Skirmisher |
| 11:20 | Create | Skirmisher |
| 11:21 | Create | Villager (Male) |
| 11:27 | Build | Farm |
| 11:41 | Create | Militia |
| 11:44 | Build | Palisade Wall |
| 11:51 | Create | Skirmisher |
| 11:56 | Build | Farm |
| 11:59 | Build | Farm |
| 12:10 | Build | Farm |
| 12:13 | Create | Villager (Male) |
| 12:31 | Build | Palisade Wall |
| 12:34 | Create | Skirmisher |
| 12:37 | Build | Farm |
| 12:38 | Create | Villager (Male) |
| 12:56 | Build | House |
| 12:58 | Build | Palisade Wall |
| 13:01 | Create | Villager (Male) |
| 13:04 | Build | Farm |
| 13:06 | Create | Villager (Male) |
| 13:08 | Build | Farm |
| 13:35 | Build | Palisade Wall |
| 13:46 | Create | Villager (Male) |
| 13:48 | Build | Blacksmith |
| 13:50 | Create | Villager (Male) |
| 13:59 | Create | Skirmisher |
| 14:00 | Create | Villager (Male) |
| 14:20 | Create | Skirmisher |
| 14:27 | Create | Villager (Male) |
| 14:37 | Create | Skirmisher |
| 14:37 | Create | Villager (Male) |
| 14:47 | Research | Fletching |
| 14:49 | Create | Skirmisher |
| 14:57 | Create | Skirmisher |
| 14:59 | Create | Villager (Male) |
| 15:07 | Create | Skirmisher |
| 15:09 | Build | Farm |
| 15:11 | Build | Lumber Camp |
| 15:23 | Create | Villager (Male) |
| 15:24 | Create | Villager (Male) |
| 15:32 | Build | House |
| 15:33 | Build | House |
| 15:49 | Research | Forging |
| 15:55 | Create | Villager (Male) |
| 16:05 | Create | Skirmisher |
| 16:06 | Create | Villager (Male) |
| 16:08 | Build | House |
| 16:11 | Build | Farm |
| 16:13 | Build | Palisade Wall |
| 16:24 | Create | Villager (Male) |
| 16:34 | Create | Skirmisher |
| 16:37 | Create | Villager (Male) |
| 16:45 | Create | Villager (Male) |
| 16:49 | Research | Scale Mail Armor |
| 16:52 | Create | Villager (Male) |
| 16:55 | Build | House |
| 17:02 | Create | Militia |
| 17:02 | Create | Villager (Male) |
| 17:11 | Build | Farm |
| 17:13 | Build | Farm |
| 17:15 | Build | Farm |
| 17:22 | Build | Market |
| 17:30 | Create | Villager (Male) |
| 17:33 | Create | Skirmisher |
| 17:34 | Create | Villager (Male) |
| 17:44 | Create | Villager (Male) |
| 17:45 | Create | Villager (Male) |
| 17:54 | Create | Skirmisher |
| 17:55 | Create | Villager (Male) |
| 18:01 | Build | Farm |
| 18:02 | Build | Farm |
| 18:06 | Create | Villager (Male) |
| 18:21 | Create | Villager (Male) |
| 18:27 | Create | Skirmisher |
| 19:00 | Create | Villager (Male) |
| 19:15 | Create | Villager (Male) |
| 19:56 | Create | Villager (Male) |
| 19:58 | Research | Castle Age |
| 20:48 | Create | Skirmisher |
| 20:50 | Build | Archery Range |
| 21:02 | Create | Skirmisher |
| 21:11 | Create | Villager (Male) |
| 21:26 | Create | Skirmisher |
| 21:27 | Create | Skirmisher |
| 21:32 | Build | Palisade Gate |
| 21:41 | Research | Horse Collar |
| 21:41 | Research | Horse Collar |
| 21:42 | Research | Gold Mining |
| 21:42 | Research | Gold Mining |
| 21:44 | Build | Farm |
| 21:54 | Create | Villager (Male) |
| 22:06 | Create | Skirmisher |
| 22:22 | Create | Skirmisher |
| 22:24 | Create | Villager (Male) |
| 22:39 | Age | Castle Age |
| 22:41 | Research | Elite Skirmisher (upgrade) |
| 22:42 | Research | Bodkin Arrow |
| 22:43 | Create | Villager (Male) |
| 22:45 | Build | Monastery |
| 22:54 | Create | Villager (Male) |
| 23:08 | Build | Siege Workshop |
Match timeline
| 4:31 | Macluffy · first_building Barracks |
| 4:43 | mentalist_ · wall_segment Palisade Wall x6 |
| 4:44 | mentalist_ · wall_segment Palisade Wall x4 |
| 5:55 | mentalist_ · wall_segment Palisade Wall x7 |
| 6:08 | Macluffy · wall_segment Palisade Wall x1 |
| 6:11 | mentalist_ · wall_segment Palisade Wall x12 |
| 6:19 | mentalist_ · wall_segment Palisade Wall x5 |
| 6:44 | Macluffy · wall_segment Palisade Wall x16 |
| 7:07 | mentalist_ · wall_segment Palisade Wall x1 |
| 7:35 | mentalist_ · wall_segment Palisade Wall x1 |
| 7:40 | mentalist_ · wall_segment Palisade Wall x1 |
| 7:43 | mentalist_ · wall_segment Palisade Wall x1 |
| 7:46 | mentalist_ · wall_segment Palisade Wall x1 |
| 7:52 | mentalist_ · wall_segment Palisade Wall x1 |
| 9:39 | mentalist_ · first_building Barracks |
| 10:09 | mentalist_ · age_up feudal |
| 10:32 | Macluffy · age_up feudal |
| 10:35 | Macluffy · first_building Archery Range |
| 10:42 | mentalist_ · first_building Archery Range |
| 11:44 | Macluffy · wall_segment Palisade Wall x6 |
| 12:31 | Macluffy · wall_segment Palisade Wall x8 |
| 12:58 | Macluffy · wall_segment Palisade Wall x6 |
| 13:35 | Macluffy · wall_segment Palisade Wall x11 |
| 14:25 | mentalist_ · wall_segment Stone Wall x1 |
| 15:11 | mentalist_ · wall_segment Stone Wall x1 |
| 15:14 | mentalist_ · wall_segment Stone Wall x1 |
| 15:15 | mentalist_ · wall_segment Stone Wall x1 |
| 15:17 | mentalist_ · wall_segment Stone Wall x1 |
| 15:19 | mentalist_ · wall_segment Stone Wall x1 |
| 15:21 | mentalist_ · wall_segment Stone Wall x2 |
| 15:23 | mentalist_ · wall_segment Stone Wall x1 |
| 16:13 | Macluffy · wall_segment Palisade Wall x4 |
| 18:45 | Macluffy · first_market_sell 100 wood |
| 18:46 | Macluffy · first_market_buy 100 food |
| 20:23 | mentalist_ · first_building Stable |
| 20:36 | mentalist_ · age_up castle |
| 22:17 | mentalist_ · first_building Monastery |
| 22:39 | Macluffy · age_up castle |
| 22:45 | Macluffy · first_building Monastery |
| 23:08 | Macluffy · first_building Siege Workshop |
| 23:13 | mentalist_ · first_building Siege Workshop |
| 28:10 | Macluffy · first_building Stable |
| 33:20 | Macluffy · first_building Castle |
| 34:02 | Macluffy · wall_segment Palisade Wall x1 |
| 34:10 | Macluffy · age_up imperial |
| 34:25 | mentalist_ · resign |
[ AI ANALYSIS · 1 CREDIT ]
What really happened in this match?
Wolo.gg analyzes every decision: build order, eco, micro, common mistakes by bracket. Personalized analysis on WhatsApp or Discord in 30 seconds.
Civ guide
Malay
Perfil
Jugador #9579739